 Dungeon Crawl Stone Soup version 0.32-a0-616-g9348d4545b (webtiles) character file.

Game seed: 16487140029554006985

616 AnimeIsTrash the Cleaver (level 7, -10/64 HPs)
             Began as a Coglin Fighter on Mar 6, 2024.
             Was an Initiate of Gozag.
             Mangled by a gnoll
             ... wielding a +0 halberd
             ... led by a gnoll bouda
              (12 damage)
             ... on level 5 of the Dungeon.
             The game lasted 00:04:55 (3413 turns).

AnimeIsTrash the Cleaver (Coglin Fighter)           Turns: 3413, Time: 00:04:56

Health: -10/64     AC:  8    Str: 18    XL:     7   Next: 45%
Magic:  7/7        EV:  7    Int:  7    God:    Gozag
Gold:   176        SH:  0    Dex: 14    Spells: 6/6 levels left

rFire   . . .        a - +0 war axe {Seoyun}
rCold   . . .        n - +0 war axe {Haeun}
rNeg    . . .        p - +0 chain mail
rPois   .            s - +0 hat
rElec   .            (no cloak)
rCorr   .            (no gloves)
SInv    .            (no boots)
Will    .....        (amulet unavailable) Stlth
                     (ring unavailable)
HPRegen 0.30/turn    (ring unavailable)
MPRegen 0.10/turn    (no gizmo)

%: no passive effects
@: silenced, gold aura, revved
A: off-hand wielding, slow wielding, warmup strikes, no jewellery
a: Invent Gizmo, Renounce Religion


You were on level 5 of the Dungeon.
You worshipped Gozag.
Gozag was aware of your devotion.
You visited 1 branch of the dungeon, and saw 5 of its levels.

You collected 216 gold pieces.
You paid 40 gold pieces to Gozag.

Inventory:

Hand Weapons
 a - a +0 war axe (weapon) {Seoyun}
 i - a +0 dagger {Fikile}
 n - a +0 war axe (offhand) {Haeun}
Armour
 b - a +0 scale mail
 c - a +0 buckler
 p - a +0 chain mail (worn)
 s - a +0 hat (worn)
Scrolls
 e - 2 scrolls of revelation
 f - 2 scrolls of poison
 h - 3 scrolls of identify
 l - a scroll of fear {unknown}
 m - 2 scrolls of blinking
 o - a scroll of summoning
 t - a scroll of silence
Potions
 d - a potion of might
 g - a potion of invisibility {unknown}
 j - a potion of enlightenment {unknown}
 k - a potion of heal wounds {unknown}
 q - a potion of berserk rage {unknown}
 r - a potion of lignification {unknown}
 u - a potion of experience


   Skills:
 - Level 9.4 Fighting
 - Level 11.1 Axes
 + Level 2.6 Armour
 + Level 0.0 Dodging
 - Level 2.1 Shields


You had 6 spell levels left.
You didn't know any spells.
Your spell library was empty.

Dungeon Overview and Level Annotations

Branches:
Dungeon (5/15)             Temple (0/1) D:5

Altars:
Dithmenos
Gozag
Kikubaaqudgha
Makhleb
Okawaru
Qazlal
Wu Jian
Xom
The Shining One


Innate Abilities, Weirdness & Mutations

You can wield a second weapon in your off-hand.
It takes a long time for you to wield or remove held weapons.
Your first few attacks do less damage.
You cannot equip rings or amulets.


Message History

Wisps of shadow whirl around you...
It was a scroll of summoning.
The gnoll barely misses you. The gnoll hits you with a +0 club!
The phantom hits you but does no damage.
The gnoll completely misses you.
As you read the scroll labelled ITALUSHR SIDOXT, it crumbles to dust.
A profound silence engulfs you.
It was a scroll of silence.
The gnoll is no longer moving quickly.
The gnoll hits you from afar with a +0 halberd.
The gnoll hits you with a +0 club.
* * * LOW HITPOINT WARNING * * *
The phantom hits you.
* * * LOW HITPOINT WARNING * * *
The gnoll hits you but does no damage.
Your orc wizard hits the gnoll with a +0 dagger.
Your iguana bites the gnoll!
The gnoll dies!
Unknown command.
You barely miss the phantom with your +0 war axe.
The phantom is almost destroyed.
You barely miss the phantom with your +0 war axe.
The gnoll completely misses you. The phantom completely misses you.
The gnoll hits you but does no damage.
The gnoll hits you from afar with a +0 halberd.
* * * LOW HITPOINT WARNING * * *
The hound is distracted by your dazzling golden aura.
It was a potion of experience.
You feel more experienced!
Your Fighting skill gained 6 levels and is now at level 9!
Your Axes skill gained 5 levels and is now at level 11!
Training target 8.0 for Axes reached!
You need to enable at least one skill for training.
You have reached level 7!
Your brain swirls with designs for a secondary retrotransmogrifier.
You just need some more time...
The orc is distracted by your dazzling golden aura.
The phantom hits you but does no damage.
The gnoll closely misses you.
Your orc wizard gives you the thumbs up.
The gnoll hits you from afar with a +0 halberd!
You die...
Your body crumbles into a pile of gold.

########.#*,*,**#.#g#**###.#....#
.........##.#,* #....,,#.........
##...######(#,* #...#*,#.#..#h###
.....'....#.#,*##...##,#.#g.o.o..
##...###.##.#,,,....##.#.#..#.###
#...# #.##.######..##.#g#....$..
#...# #.##.#......o..........###
#######'##.#.####gg#.##..#######
#....<......Yl@Wsr..!#.g.######
#.......#.#.oW##g#h###...######
#.......+.#.oo?.....r§....#####
#.......###.#o########...######
######..# #.#...,,,,,....#....#
*****####*#.#####**,*..#.#,**,*
***,,,*****,...,,,,**,#....#,**,*
,**,_,**,,,,..#,**,**,#...##,**,*
***,,,***,,>,,,,,,,**,#....,,**,*


You could see a phantom (ally target), a scorpion, a hound (unaware), 3 gnolls,
an orc (unaware), a quokka, a friendly ice beast (summoned), a friendly phantom
(summoned), a friendly iguana (summoned), a friendly orc priest (summoned), a
friendly orc wizard (summoned) and 2 friendly orcs.

Vanquished Creatures
  An orc priest (D:4)
  A hound (D:5)
  A bombardier beetle (D:4)
  A gnoll bouda (D:4)
  8 adders
  4 gnolls
  2 dart slugs
  2 ribbon worms
  7 orcs
  A ball python (D:2)
  3 bats
  5 endoplasms
  4 giant cockroaches
  6 goblins
  6 hobgoblins
  2 jackals (D:1)
  2 quokkas
  3 frilled lizards (D:2)
  4 kobolds
  6 rats
69 creatures vanquished.

Vanquished Creatures (collateral kills)
  A gnoll (D:5)
1 creature vanquished.

Grand Total: 70 creatures vanquished

Notes
Turn   | Place    | Note
-------+----------+-------------------------------------------
     0 | D:1      | AnimeIsTrash the Coglin Fighter began the quest for the
                  | Orb.
     0 | D:1      | Reached XP level 1. HP: 18/18 MP: 1/1
   130 | D:1      | Reached XP level 2. HP: 22/24 MP: 2/2
   422 | D:1      | Reached skill level 3 in Axes
   944 | D:2      | Reached XP level 3. HP: 26/29 MP: 3/3
  1715 | D:3      | Reached skill level 4 in Axes
  1730 | D:3      | Reached XP level 4. HP: 35/35 MP: 4/4
  1797 | D:3      | Identified the +2 mace "Izuluidewe" {speed, rElec rCorr
                  | Dex+4}
  2052 | D:3      | Found a shimmering altar of Xom.
  2319 | D:4      | Reached skill level 5 in Axes
  2319 | D:4      | Reached XP level 5. HP: 22/41 MP: 5/5
  2722 | D:4      | Found an iron altar of Okawaru.
  2724 | D:4      | Found a stormy altar of Qazlal.
  2725 | D:4      | Found an opulent altar of Gozag.
  2736 | D:4      | Found a burning altar of Makhleb.
  2743 | D:4      | Found an ornate altar of the Wu Jian Council.
  2751 | D:4      | Found a glowing golden altar of the Shining One.
  2755 | D:4      | Found an ancient bone altar of Kikubaaqudgha.
  2761 | D:4      | Found a shadowy altar of Dithmenos.
  2787 | D:4      | Became a worshipper of Gozag Ym Sagoz the Greedy
  2938 | D:4      | Reached skill level 6 in Axes
  2959 | D:4      | Reached XP level 6. HP: 33/47 MP: 6/6
  3249 | D:4      | Identified the +4 robe "Recyon" {rPois rC++}
  3292 | D:5      | Entered Level 5 of the Dungeon
  3412 | D:5      | HP: 1/47 [gnoll/+0 halberd[a gnoll bouda] (5)]
  3413 | D:5      | Reached skill level 11 in Axes
  3413 | D:5      | Reached XP level 7. HP: 2/64 MP: 7/7
  3413 | D:5      | Mangled by a gnoll

Illustrated notes

Levels and vault maps discovered:
D:1:      amcnicky_arrival_abandoned_market, layout_basic, minmay_misc_feat_x,
          amcnicky_mini_corridor_feature
D:2:      layout_basic, reono_crystal_passage, minmay_misc_feat_doors,
          minmay_tree_intersection, minmay_misc_feat_four_crosses
D:3:      layout_loops_cross, mainiacjoe_overflow_six_doors_small
D:4:      layout_rooms, nicolae_overflow_hallway_of_the_gods
D:5:      layout_basic, dk_yredelemnul_ordeal,
          minmay_temple_entry_gardened_gates, grunt_decor_mini_mirrors

Skill      XL: |  1  2  3  4  5  6 |
---------------+-------------------+-----
Axes           | 3 4 5 6 11 | 11.1
Fighting       | 9 |  9.4
Armour         | |  2.6
Shields        | |  2.1

Action                     |  1- 3 |  4- 6 |  7- 9 || total
---------------------------+-------+-------+-------++-------
  Melee: War axe           |    91 |   150 |       ||   241
         Dagger            |    29 |       |       ||    29
    Use: Scroll            |       |     5 |       ||     5
         Potion            |       |     1 |       ||     1
 Armour: Scale mail        |    61 |       |       ||    61
         Chain mail        |       |    86 |     2 ||    88
  Dodge: Dodged            |    41 |    39 |     1 ||    81
  Block: Buckler           |     6 |       |       ||     6

Table legend: (Time is in decaauts)
 A = Elapsed time spent in this place.
 B = Non-inter-level travel time spent in this place.
 C = Inter-level travel time spent in this place.
 D = Time resting spent in this place.
 E = Time spent auto-exploring this place.
 F = Levels seen in this place.
 G = Mean time per level.
                   A        B        C        D        E       F      G
               +--------+--------+--------+--------+--------+-----+--------+
         Total |   3460 |   3274 |    186 |    387 |   2302 |   5 |  692.0 |
       Dungeon |   3460 |   3274 |    186 |    387 |   2302 |   5 |  692.0 |
               +--------+--------+--------+--------+--------+-----+--------+

Top non-repeatable levels by time:
     D:2: 921 daAuts
     D:3: 904 daAuts
     D:1: 768 daAuts
     D:4: 743 daAuts
     D:5: 123 daAuts
